General information
- name: grudge
- type: Ladder 1vs1/FFA
- host: NADMaN
- saver: 1st_Panzer_Div.
map: TerenasStand
- players: 6
- length: 11:43
- speed: Fast
- version: 1.21 W3XP
- replay type: Public
» download(79 KB)
Players
team 1 (loser)
NADMaN (
green | 159 APM | 1867 actions | 11:42)
2 Blademaster
1 Wind Walk
1 Critical Strike
3 Shadow Hunter
1 Hex
2 Healing Wave
» actions
| Assign group hotkey | 12 | |
| Basic commands | 20 | |
| Build / train | 40 | |
| ESC pressed | 1 | |
| Enter build submenu | 11 | |
| Enter hero's abilities submenu | 5 | |
| Give item / drop item | 2 | |
| Right click | 894 | |
| Select / deselect | 260 | |
| Select group hotkey | 570 | |
| Use ability | 52 | |
1867 total
» units
| Peon | 9 | |
| Grunt | 4 | |
| Spirit Walker | 2 | |
| Raider | 3 | |
| Forest Troll Berserker | 1 | |
| Mud Golem | 1 | |
| Forest Troll Shadow Priest | 1 | |
21 total
» upgrades
| Berserker Strength | 1 | |
| Ensnare | 1 | |
| Spirit Walker Training | 1 | |
3 total
» buildings
| Altar of Storms | 1 | |
| Orc Burrow | 5 | |
| Stronghold | 2 | |
| Barracks | 1 | |
| Beastiary | 1 | |
| Spirit Lodge | 1 | |
| Voodoo Lounge | 1 | |
12 total
» build order
00:06 Altar of Storms
00:16 Orc Burrow
01:53 Stronghold
01:53 Stronghold
02:05 Barracks
02:17 Orc Burrow
04:45 Beastiary
04:49 Spirit Lodge
05:19 Orc Burrow
05:35 Voodoo Lounge
06:48 Orc Burrow
08:46 Orc Burrow
» items
| Boots of Speed | 1 | |
| Staff of Teleportation | 1 | |
| Lesser Clarity Potion | 1 | |
| Healing Salve | 2 | |
| Potion of Healing | 1 | |
6 total
team 2 (winner)
1st_Panzer_Div. (
purple | 136 APM | 1589 actions | 11:43)
4 Death Knight
2 Death Coil
2 Unholy Aura
2 Lich
1 Frost Armor
1 Frost Nova
» actions
| Assign group hotkey | 224 | |
| Basic commands | 212 | |
| Build / train | 40 | |
| ESC pressed | 1 | |
| Enter build submenu | 14 | |
| Enter hero's abilities submenu | 6 | |
| Give item / drop item | 1 | |
| Remove unit from queue | 1 | |
| Right click | 259 | |
| Select / deselect | 293 | |
| Select group hotkey | 472 | |
| Use ability | 66 | |
1589 total
» units
| Acolyte | 3 | |
| Ghoul | 10 | |
| Crypt Fiend | 4 | |
| Obsidian Statue | 1 | |
| Necromancer | 4 | |
22 total
» upgrades
| Creature Attack | 1 | |
| Unholy Armor | 1 | |
| Necromancer Training | 1 | |
3 total
» buildings
| Crypt | 1 | |
| Ziggurat | 5 | |
| Altar of Darkness | 1 | |
| Graveyard | 1 | |
| Tomb of Relics | 1 | |
| Nerubian Tower | 1 | |
| Halls of the Dead | 1 | |
| Slaughterhouse | 1 | |
| Temple of the Damned | 1 | |
| Sacrificial Pit | 1 | |
| Black Citadel | 1 | |
15 total
» build order
00:07 Crypt
00:09 Ziggurat
00:25 Altar of Darkness
01:14 Graveyard
01:39 Tomb of Relics
02:02 Ziggurat
02:11 Nerubian Tower
04:08 Halls of the Dead
05:17 Ziggurat
05:47 Ziggurat
06:34 Slaughterhouse
07:01 Temple of the Damned
07:53 Sacrificial Pit
08:44 Ziggurat
10:52 Black Citadel
» items
| Rod of Necromancy | 2 | |
| Dust of Appearance | 1 | |
3 total
observerserz,
joltx,
GOKUMaN69,
NasbiN Chat log
(00:20 / All) 1st_Panzer_Div.: hahaha
(00:28 / All) 1st_Panzer_Div.: I
(00:33 / All) 1st_Panzer_Div.: have to fuck you grandma later
(01:00 / All) 1st_Panzer_Div.: same here
(01:07 / All) 1st_Panzer_Div.: goons live with their moms
(01:30 / All) 1st_Panzer_Div.: proof that goons are gay-wads that live with their MOMS
(02:23 / All) 1st_Panzer_Div.: hopes are dashed on the rocks like a ship in a ocean of fluff
(04:27 / All) 1st_Panzer_Div.: BUT MOM I WANT A BM
(07:20 / All) 1st_Panzer_Div.: sister actually